 Dungeon Crawl Stone Soup version 0.27-a0-1202-ge72e49191c (webtiles) character file.

Game seed: 5637782014479123126

7 kae the Skirmisher (level 1, 0/18 HPs)
             Began as a Demonspawn Abyssal Knight on June 2, 2021.
             Was a Follower of Lugonu.
             Slain by a kobold
             ... wielding a +0 whip
              (3 damage)
             ... on level 1 of the Dungeon.
             The game lasted 00:00:17 (231 turns).

kae the Skirmisher (Demonspawn Abyssal Knight)       Turns: 231, Time: 00:00:18

Health: 0/18       AC:  3    Str: 12    XL:     1   Next: 83%
Magic:  2/2        EV: 11    Int: 13    God:    Lugonu [*.....]
Gold:   0          SH:  0    Dex: 12    Spells: 0/0 levels left

rFire    . . .     SeeInvis .   a - +1 falchion
rCold    . . .     Faith    .   (no shield)
rNeg     . . .     Spirit   .   b - +0 leather armour
rPois    .         Reflect  .   (no helmet)
rElec    .         Harm     .   (no cloak)
rCorr    .         Rampage  .   (no gloves)
Will     .....                  (no boots)
Stlth    +.........             (no amulet)
HPRegen  0.06/turn              (no ring)
MPRegen  0.08/turn              (no ring)

@: no status effects
A: no striking features
a: Renounce Religion, Depart the Abyss


You were on level 1 of the Dungeon.
You worshipped Lugonu.
Lugonu was aware of your devotion.
You visited 1 branch of the dungeon, and saw 1 of its levels.
You visited the Abyss 1 time.

Inventory:

Hand Weapons
 a - a +1 falchion (weapon)
Armour
 b - a +0 leather armour (worn)
Scrolls
 c - a scroll of amnesia {unknown}


   Skills:
 + Level 3.0 Fighting
 * Level 2.0 Long Blades
 + Level 1.9 Armour
 + Level 1.0 Dodging
 + Level 2.6 Invocations


You couldn't memorise any spells.
You didn't know any spells.
Your spell library was empty.

Dungeon Overview and Level Annotations

Branches:
Dungeon (1/15)

Altars:


Message History

Your leather armour prevents you from hitting the bat.
The bat closely misses you.
You riposte.
You hit the bat.
The bat is heavily wounded.
The bat hits you but does no damage.
You hit the bat but do no damage.
The bat is heavily wounded.
The bat hits you but does no damage. The bat closely misses you.
You closely miss the bat.
The bat is heavily wounded.
The bat barely misses you.
You riposte.
You hit the bat.
You kill the bat!
Lugonu accepts your kill.
Your Long Blades skill increases to level 2!
No target in view!
No target in view!
Found 27 stones.
c - a scroll labelled LITIARO SOHA A kobold comes into view.
It is wielding a +0 whip.
A kobold is nearby!
A kobold is nearby!
The kobold shouts!
The kobold throws a stone.
The stone barely misses you.
A quokka comes into view.
Found a pair of boots.
The kobold hits you with a +0 whip.
You hit the kobold but do no damage. The kobold hits you with a +0 whip. x2
You are too injured to fight recklessly!
You are too injured to fight recklessly!
You are too injured to fight recklessly!
You are too injured to fight recklessly!
You are too injured to fight recklessly!
You are too injured to fight recklessly!
You are too injured to fight recklessly!
You barely miss the kobold. The quokka bites you. The kobold barely misses you.
You completely miss the kobold. The quokka bites you.
* * * LOW HITPOINT WARNING * * *
The kobold closely misses you.
You riposte.
You barely miss the kobold. You barely miss the kobold.
The quokka barely misses you. The kobold hits you with a +0 whip.
You die...

#... #..
#########.########
#.................
#...........#### #
#...........####
###.#........†.....###
.....................>
#.....r@######.....##
#.....K.# #.....#
#.[.....# #.....#
#.......# #.....#
###+##### #.....#
#.....#
#.#≈≈≈≈≈≈.≈≈≈##
#.##.##
.$≈≈≈≈≈≈.≈≈≈≈≈# #.##.#
#.#≈≈≈≈≈≈≈.≈≈≈≈≈≈
#.##)#


You could see a quokka and a kobold.

Vanquished Creatures
  A hobgoblin (D:1)
  A kobold (D:1)
  3 bats (D:1)
  A goblin (D:1)
  A rat (D:1)
7 creatures vanquished.

Notes
Turn   | Place    | Note
-------+----------+-------------------------------------------
     0 | Abyss:1  | kae the Demonspawn Abyssal Knight began the quest for the
                  | Orb.
     0 | Abyss:1  | Reached XP level 1. HP: 18/18 MP: 2/2
    23 | D:1      | Escaped the Abyss
    83 | D:1      | Reached skill level 1 in Dodging
   231 | D:1      | Slain by a kobold

Illustrated notes

Levels and vault maps discovered:
D:1:      nzn_arrival_water_spiral, layout_basic,
          ebering_ecumenical_altar_petrified, hangedman_decor_peaks_small,
          minmay_pentomino_x4

Skill      XL: |  1 |
---------------+----+-----
Dodging        | 1 |  1.0
Long Blades    | 2 |  2.0
Fighting       | |  3.0
Armour         | |  1.9
Invocations    | |  2.6

Action                   || total
-------------------------++-------
Melee: Falchion          ||    27
Armor: Leather armour    ||    12
Dodge: Dodged            ||    20
       Rpst.: Falchion   ||    11

Table legend: (Time is in decaauts)
 A = Elapsed time spent in this place.
 B = Non-inter-level travel time spent in this place.
 C = Inter-level travel time spent in this place.
 D = Time resting spent in this place.
 E = Time spent auto-exploring this place.
 F = Levels seen in this place.
 G = Mean time per level.
                   A        B        C        D        E       F      G
               +--------+--------+--------+--------+--------+-----+--------+
         Total |    236 |    236 |      0 |      0 |    174 |   2 |  118.0 |
       Dungeon |    213 |    213 |      0 |      0 |    155 |   1 |  213.0 |
         Abyss |     23 |     23 |      0 |      0 |     19 |   1 |   23.0 |
               +--------+--------+--------+--------+--------+-----+--------+

Top non-repeatable levels by time:
     D:1: 213 daAuts
 Abyss:1: 23 daAuts
